 Dungeon Crawl Stone Soup version 0.30-a0-458-g86641cc369 (webtiles) character file.

Game seed: 10887567404461557059

121685 Ijustatesigmund the Prestidigitator (level 16, -4/127 HPs)
             Began as a Gnoll Artificer on Dec 13, 2022.
             Was the Champion of Cheibriados.
             Slain by a green draconian monk (18 damage)
             ... on level 2 of the Depths on Dec 14, 2022.
             The game lasted 01:12:44 (23477 turns).

Ijustatesigmund the Prestidigitator (GnAr)         Turns: 23477, Time: 01:12:44

Health: -4/127     AC: 15    Str: 32    XL:     16   Next: 85%
Magic:  31/31      EV: 26    Int: 37    God:    Cheibriados [******]
Gold:   1517       SH:  5    Dex: 32    Spells: 12/38 levels left

rFire   . . .      SeeInvis .    o - +11 executioner's axe "Wuoppunk" {venom, rC+ Int+3}
rCold   + . .      Faith    .    (shield currently unavailable)
rNeg    . . .      Spirit   .    b - +0 troll leather armour {Pargi}
rPois   .          Reflect  +    E - +2 helmet {Int+3}
rElec   .          Harm     .    i - +1 cloak
rCorr   .          Rampage  .    D - +0 pair of gloves {Dex+3}
Will    +....                    P - +0 pair of boots of Monotheism {Str+4}
Stlth   ++++++....               t - amulet of reflection
HPRegen 1.21/turn                z - ring of wizardry
MPRegen 0.22/turn                O - ring of wizardry

@: lethally poisoned (-4 -> -11), very slow
A: fangs 1, strong nose, distributed training, talons 1
a: Renounce Religion, Bend Time, Temporal Distortion, Slouch, Step From Time


You were on level 2 of the Depths.
You worshipped Cheibriados.
Cheibriados was exalted by your worship.
You visited 5 branches of the dungeon, and saw 25 of its levels.
You also visited: Gauntlet.

You collected 2620 gold pieces.
You spent 1103 gold pieces at shops.

Inventory:

Hand Weapons
 a - a +4 trident
 o - the +11 executioner's axe "Wuoppunk" (weapon) {venom, rC+ Int+3}
   (You acquired it on level 4 of the Dungeon)

   It poisons the flesh of those it strikes.
   Int:       It affects your intelligence (+3).
   rC:        It protects you from cold.
Missiles
 p - a curare-tipped dart (quivered)
Armour
 b - a +0 troll leather armour (worn) {Pargi}
 i - a +1 cloak (worn)
 D - a +0 pair of gloves of dexterity (worn)
 E - a +2 helmet of intelligence (worn)
 I - +0 acid dragon scales
 P - the +0 pair of boots of Monotheism (worn) {Str+4}
   (You found it in a Gauntlet)

   Str:       It affects your strength (+4).
 W - +0 fire dragon scales
Jewellery
 e - a ring of protection from fire
 f - a ring of fire
 m - the amulet of Zura {Regen+ Str+2}
   (You acquired it on level 5 of the Dungeon)

   [amulet of regeneration]

   Str:       It affects your strength (+2).
   Regen:     It increases your rate of health regeneration.
 t - an amulet of reflection (around neck)
 z - a ring of wizardry (left hand)
 C - a ring of see invisible
 M - a ring of magical power
 O - a ring of wizardry (right hand)
 Q - a +4 ring of evasion
 R - an amulet of magic regeneration
 V - a ring of positive energy
 Z - a ring of ice
Wands
 c - a wand of flame (39)
 d - a wand of charming (22)
 k - a wand of light (8)
 q - a wand of roots (19)
 K - a wand of digging (25)
Scrolls
 g - 15 scrolls of identify
 h - a scroll of silence
 j - a scroll of teleportation
 l - 5 scrolls of amnesia
 n - 5 scrolls of poison
 s - 3 scrolls of enchant weapon
 B - 6 scrolls of fear
 G - 5 scrolls of magic mapping
 H - a scroll of immolation
 T - a scroll of enchant armour
 U - 4 scrolls of fog
Potions
 r - 3 potions of might
 u - 2 potions of cancellation
 v - a potion of ambrosia
 w - 7 potions of mutation
 x - 3 potions of flight
 A - 3 potions of brilliance
 J - 2 potions of magic
 L - 2 potions of resistance
 N - 2 potions of attraction
 S - 2 potions of curing


   Skills:
 + Level 11.9 Fighting
 + Level 11.6 Short Blades
 + Level 11.6 Long Blades
 + Level 11.6 Axes
 + Level 11.6 Maces & Flails
 + Level 11.6 Polearms
 + Level 11.6 Staves
 + Level 11.6 Ranged Weapons
 + Level 11.6 Throwing
 + Level 12.4 Armour
 + Level 11.9 Dodging
 + Level 11.8 Stealth
 + Level 11.6 Shields
 + Level 11.6 Unarmed Combat
 + Level 11.6 Spellcasting
 + Level 9.8 Conjurations
 + Level 9.8 Hexes
 + Level 9.8 Summonings
 + Level 9.8 Necromancy
 + Level 9.8 Translocations
 + Level 9.8 Transmutations
 + Level 9.8 Fire Magic
 + Level 9.8 Ice Magic
 + Level 9.8 Air Magic
 + Level 9.8 Earth Magic
 + Level 9.8 Poison Magic
 + Level 12.6 Invocations
 + Level 13.2 Evocations


You had 12 spell levels left.
You knew the following spells:

 Your Spells              Type           Power      Damage    Failure   Level
a - Mephitic Cloud        Conj/Pois/Air  76%        N/A       1%          3
b - Stone Arrow           Conj/Erth      100%       3d13      1%          3
c - Passwall              Tmut/Erth      63%        N/A       1%          2
d - Irradiate             Conj/Tmut      38%        3d24      1%          5
e - Monstrous Menagerie   Summ           38%        N/A       9%          7
f - Death Channel         Necr           38%        N/A       1%          6

Your spell library contained the following spells:

 Spells                   Type           Power      Damage    Failure   Level
 Apportation              Tloc           100%       N/A       1%          1
 Necrotise                Necr           100%       1d9       1%          1
 Sandblast                Erth           100%       2d20      1%          1
 Shock                    Conj/Air       100%       1d9       1%          1
 Summon Small Mammal      Summ           100%       N/A       1%          1
 Cigotuvi's Dreadful Rot  Necr/Pois/Air  100%       N/A       1%          2
 Ensorcelled Hibernation  Hex/Ice        100%       N/A       1%          2
 Poisonous Vapours        Pois/Air       100%       N/A       1%          2
 Sublimation of Blood     Necr           76%        N/A       1%          2
 Hailstorm                Conj/Ice       76%        3d16      1%          3
 Portal Projectile        Hex/Tloc       100%       N/A       1%          3
 Swiftness                Air            76%        N/A       1%          3
 Tukima's Dance           Hex            76%        N/A       1%          3
 Airstrike                Air            38%        2d(6-22)  1%          4
 Dispel Undead            Necr           76%        3d25      1%          4
 Ice Form                 Ice/Tmut       76%        N/A       1%          4
 Petrify                  Tmut/Erth      76%        N/A       1%          4
 Summon Ice Beast         Ice/Summ       76%        N/A       1%          4
 Blade Hands              Tmut           38%        N/A       1%          5
 Summon Mana Viper        Hex/Summ       76%        N/A       1%          5
 Simulacrum               Ice/Necr       38%        N/A       1%          6


Dungeon Overview and Level Annotations

Branches:
Dungeon (15/15)            Temple (1/1) D:4            Lair (5/5) D:10
  Swamp (0/4) Lair:3        Snake (0/4) Lair:2        Slime (0/5) Lair:4
    Orc (2/2) D:12            Elf (0/3) Orc:2        Vaults (0/5) D:14
 Depths (2/4) D:15        Gauntlet (visited)

Altars:
Ashenzari
Cheibriados
Dithmenos
Fedhas
Hepliaklqana
Kikubaaqudgha
Nemelex Xobeh
Okawaru
Qazlal
Ru
Sif Muna
Trog
Uskayaw
Vehumet
Wu Jian
Yredelemnul
Zin
Jiyva

Shops:
D:3 :   D:12 [   D:13 !   Orc:1 [?(   Orc:2 ?!*:[

Portals:
Ziggurat: Depths:1

Annotations:
D:8 4 transporters
Orc:1 3 runed translucent doors, Opavipac's ghost, journeyman OgBe


Innate Abilities, Weirdness & Mutations

You have very sharp teeth.
Your uncanny sense of smell can sniff out nearby items.
Your experience applies equally to all skills.
You have sharp toenails.


Message History

You miss the green draconian monk. You bite the green draconian monk.
The green draconian monk is moderately wounded.
You feel very sick.
The green draconian monk closely misses you.
You block the green draconian monk's attack.
The green draconian monk tail-slaps you but does no damage.
You block the green draconian monk's attack.
A white draconian comes into view. It is wielding a +0 scimitar.
The green draconian monk breathes poison at you.
The blast of poison engulfs you!
You are more poisoned.
* * * LOW HITPOINT WARNING * * *
You feel better.
You are engulfed in poison gas.
You are poisoned.
* * * LOW HITPOINT WARNING * * *
You feel very sick. The green draconian monk hits you.
* * * LOW HITPOINT WARNING * * *
The green draconian monk kicks you but does no damage.
The green draconian monk tail-slaps you but does no damage. x2
You feel better.
You are engulfed in poison gas.
You are poisoned.
* * * LOW HITPOINT WARNING * * *
You feel sick.
The white draconian is engulfed in poison gas.
The white draconian is poisoned.
The green draconian monk barely misses you.
The green draconian monk kicks you but does no damage.
The green draconian monk barely misses you.
The green draconian monk tail-slaps you.
* * * LOW HITPOINT WARNING * * *
You barely miss the green draconian monk.
You bite the green draconian monk, but do no damage.
The green draconian monk is moderately wounded.
You are engulfed in poison gas.
You are more poisoned.
* * * LOW HITPOINT WARNING * * *
You feel very sick. The green draconian monk hits you!!
You die...

.§..~~≈≈~~* *,,,,***,,********
....≈≈≈≈≈** *,,*,.##,****,,,,***
....~k≈≈#* **,,**..**,*,,,,,,,8*
.;.P~≈≈≈# ##,,***.°***,,,,~~~~~*
...k~≈≈####.,** *d#**,,,,~~~~~~*
....≈≈####..####*.#**,,,~~~~,,,*
,,,,~~* #..#†).##.#*,,,~~~~,,,,*
,,,,~~* #....###..#*,,~~~~,,,,,*
,,,,,~**##^.###q@#**,,~~~,,,,,,*
,,,,,~~**#...##.## *,,~~,,,,,,,*
,,,,,,~~*##..###* **,~~,,,,,,**
,,,,,,,~~≈~###***** *8~~,,,,,**
,,,,,,,.≈≈≈~~~~~~~* **********
******#####********


You could see a green draconian monk (poisoned) and a white draconian
(poisoned).

Vanquished Creatures
  Rupert (Lair:4)
  Gastronok (Lair:3)
  Kirke (Lair:4)
  An azure jelly (shapeshifter) (D:15)
  An emperor scorpion (D:15)
  A balrug (Depths:1)
  The ghost of Fiank the Severer, a journeyman DsBe of Trog (D:14)
  A stone giant (Depths:2)
  A black draconian (Depths:2)
  A dire elephant (Lair:5)
  A minotaur (Gauntlet)
  4 hydras
  Fannar (Lair:3)
  The ghost of Tinylith the Spear-Bearer, a journeyman DsBe of Trog (Lair:1)
  2 catoblepae (Lair:5)
  Erica (D:11)
  2 ogre magi (Orc:2)
  14 two-headed ogres
  7 centaur warriors
  2 dancing weapons (D:14)
  3 boulder beetles
  6 death yaks
  A deep troll shaman (Depths:1)
  A tengu warrior (Depths:1)
  A deep troll earth mage (Depths:1)
  A soul eater (D:10)
  A sun demon (Depths:1)
  Nergalle (Orc:1)
  8 skeletal warriors
  3 sixfirhies
  2 deep trolls (Orc:2)
  A swamp dragon (Lair:3)
  A wizard (D:10)
  2 orc knights
  Pikel (D:8)
  8 deep elf pyromancers
  A lindwurm (shapeshifter) (D:15)
  4 ugly things
  An orc sorcerer (D:15)
  7 manticores
  A salamander (shapeshifter) (D:14)
  5 cyclopes
  9 black mambas
  A guardian serpent (shapeshifter) (D:15)
  2 eyes of devastation (Depths:1)
  10 elephants
  Joseph (Lair:1)
  A rust devil (Depths:1)
  A gargoyle (D:12)
  A torpor snail (Lair:5)
  11 cane toads
  2 orange demons (D:10)
  A minotaur zombie (Gauntlet)
  An unseen horror (D:8)
  7 komodo dragons
  3 rime drakes
  4 kobold demonologists
  An ice devil (D:10)
  A hellwing (D:10)
  A tengu conjurer (Depths:1)
  A merfolk (D:13)
  4 red devils
  13 polar bears (Lair:5)
  14 trolls
  2 hornets (Gauntlet)
  20 blink frogs
  2 raiju (Lair:5)
  Prince Ribbit (D:5)
  2 large abominations (Gauntlet)
  6 slime creatures (D:15)
  10 dream sheep
  A vampire (D:13)
  A shadow (D:14)
  2 ynoxinuls (D:10)
  7 wyverns
  5 wraiths
  34 yaks
  7 hogs (Lair:4)
  3 basilisks
  A neqoxec (D:10)
  Grum (D:8)
  A steam dragon (Lair:3)
  5 vampire mosquitoes
  3 chaos spawn (D:10)
  Menkaure (D:5)
  9 wargs
  2 acid dragons (D:11)
  14 hell hounds (Lair:5)
  Duvessa (D:4)
  16 water moccasins
  Pargi (D:3)
  A floating eye (Depths:1)
  12 black bears
  22 ogres
  10 orc warriors
  33 wolves
  A lemure (D:8)
  16 centaurs
  A phantom (D:5)
  5 kobold brigands
  2 necrophages
  4 bullfrogs
  A gnoll sergeant (D:6)
  4 scorpions
  3 small abominations (Gauntlet)
  4 wights (D:10)
  Dowan (D:4)
  5 killer bees (D:10)
  An electric eel (Lair:4)
  3 howler monkeys
  A crimson imp (D:10)
  3 hounds
  8 quasits (D:10)
  10 jellies
  6 orc priests
  2 gnoll boudas
  3 iguanas
  Ijyb (D:5)
  17 orc wizards
  18 gnolls
  8 adders
  A shadow imp (D:5)
  4 white imps
  5 ufetubi
  2 worms
  61 orcs
  17 endoplasms
  6 giant cockroaches
  3 goblins
  11 hobgoblins
  4 jackals (D:2)
  2 quokkas
  5 ball pythons
  2 bats
  4 frilled lizards
  39 kobolds
  11 rats
  A toadstool (D:4)
737 creatures vanquished.

Vanquished Creatures (collateral kills)
  A blizzard demon (Depths:1)
  2 fire dragons (Depths:1)
  A hell beast (Depths:1)
  A deep troll shaman (Depths:1)
  An iron troll (Depths:1)
  A sixfirhy (Depths:1)
  2 ugly things (D:15)
  A shining eye (Depths:1)
  A smoke demon (Depths:1)
  A tengu conjurer (Depths:1)
  A slime creature (D:15)
  A raiju (Lair:5)
  A ynoxinul (Depths:1)
  A neqoxec (Depths:1)
  A centaur (D:15)
17 creatures vanquished.

Vanquished Creatures (others)
  A gnoll (D:2)
  21 demonic plants
  13 fungi
  45 plants
  8 toadstools (D:4)
88 creatures vanquished.

Grand Total: 842 creatures vanquished

Notes
Turn   | Place    | Note
-------+----------+-------------------------------------------
     0 | D:1      | Ijustatesigmund the Gnoll Artificer began the quest for the
                  | Orb.
     0 | D:1      | Reached XP level 1. HP: 17/17 MP: 1/1
   259 | D:1      | Reached XP level 2. HP: 23/23 MP: 2/2
   720 | D:2      | Reached XP level 3. HP: 28/28 MP: 3/3
   847 | D:2      | HP: 1/28 [gnoll/+0 halberd (9)]
   864 | D:3      | Reached skill level 1 in Invocations
   905 | D:3      | Reached skill level 1 in Short Blades
   905 | D:3      | Reached skill level 1 in Long Blades
   905 | D:3      | Reached skill level 1 in Axes
   905 | D:3      | Reached skill level 1 in Maces & Flails
   905 | D:3      | Reached skill level 1 in Polearms
   905 | D:3      | Reached skill level 1 in Staves
   905 | D:3      | Reached skill level 1 in Ranged Weapons
   905 | D:3      | Reached skill level 1 in Throwing
   905 | D:3      | Reached skill level 1 in Shields
   905 | D:3      | Reached skill level 1 in Unarmed Combat
   905 | D:3      | Reached skill level 1 in Spellcasting
   986 | D:3      | Noticed a black bear
   997 | D:3      | Killed a black bear
   998 | D:3      | Reached skill level 1 in Conjurations
   998 | D:3      | Reached skill level 1 in Hexes
   998 | D:3      | Reached skill level 1 in Summonings
   998 | D:3      | Reached skill level 1 in Necromancy
   998 | D:3      | Reached skill level 1 in Translocations
   998 | D:3      | Reached skill level 1 in Transmutations
   998 | D:3      | Reached skill level 1 in Fire Magic
   998 | D:3      | Reached skill level 1 in Ice Magic
   998 | D:3      | Reached skill level 1 in Air Magic
   998 | D:3      | Reached skill level 1 in Earth Magic
   998 | D:3      | Reached skill level 1 in Poison Magic
   998 | D:3      | Reached XP level 4. HP: 8/35 MP: 4/6
   998 | D:3      | Reached XP level 5. HP: 9/41 MP: 4/7
  1879 | D:3      | Noticed Pargi
  1882 | D:3      | Killed Pargi
  1883 | D:3      | Reached skill level 5 in Armour
  1883 | D:3      | Reached XP level 6. HP: 47/47 MP: 7/9
  1977 | D:3      | Found Bicweuxe's Book Shop.
  2651 | D:4      | Reached skill level 7 in Evocations
  2651 | D:4      | Reached XP level 7. HP: 50/52 MP: 10/10
  2761 | D:4      | Found a staircase to the Ecumenical Temple.
  2774 | Temple   | Entered the Ecumenical Temple
  2782 | Temple   | Became a worshipper of Cheibriados the Contemplative
  3120 | D:4      | Found a glowing silver altar of Zin.
  3129 | D:4      | Found an ornate altar of the Wu Jian Council.
  3148 | D:4      | Noticed Dowan
  3148 | D:4      | Noticed Duvessa
  3160 | D:4      | Killed Duvessa
  3162 | D:4      | Killed Dowan
  3447 | D:4      | Identified 2 scrolls of acquirement
  3447 | D:4      | Acquired the +11 executioner's axe "Wuoppunk" {venom, rC+
                  | Int+3}
  3517 | D:5      | Entered Level 5 of the Dungeon
  3546 | D:5      | Noticed Prince Ribbit
  3555 | D:5      | Killed Prince Ribbit
  3556 | D:5      | Reached XP level 8. HP: 34/60 MP: 12/12
  3582 | D:5      | Noticed Ijyb
  3591 | D:5      | Killed Ijyb
  3629 | D:5      | Noticed Menkaure
  3634 | D:5      | Killed Menkaure
  3728 | D:5      | Reached * piety under Cheibriados
  3790 | D:5      | Acquired the amulet of Zura {Regen+ Str+2}
  3934 | D:5      | Found a shadowy altar of Dithmenos.
  5097 | D:6      | Learned a level 3 spell: Mephitic Cloud
  5314 | D:7      | Reached XP level 9. HP: 66/66 MP: 10/14
  5314 | D:7      | Reached ** piety under Cheibriados
  5504 | D:7      | Reached skill level 5 in Fighting
  5504 | D:7      | Reached skill level 5 in Dodging
  5735 | D:8      | Found a shimmering blue altar of Sif Muna.
  5789 | D:8      | Found a transporter.
  5813 | D:8      | Reached skill level 5 in Stealth
  5908 | D:8      | Reached skill level 8 in Evocations
  6076 | D:8      | Noticed a two-headed ogre
  6085 | D:8      | Killed a two-headed ogre
  6086 | D:8      | Reached skill level 5 in Invocations
  6249 | D:8      | Found a transporter.
  6271 | D:8      | Noticed Pikel
  6273 | D:8      | Found a transporter.
  6280 | D:8      | Killed an unseen horror
  6281 | D:8      | Reached skill level 5 in Short Blades
  6281 | D:8      | Reached skill level 5 in Long Blades
  6281 | D:8      | Reached skill level 5 in Axes
  6281 | D:8      | Reached skill level 5 in Maces & Flails
  6281 | D:8      | Reached skill level 5 in Polearms
  6281 | D:8      | Reached skill level 5 in Staves
  6281 | D:8      | Reached skill level 5 in Ranged Weapons
  6281 | D:8      | Reached skill level 5 in Throwing
  6281 | D:8      | Reached skill level 5 in Shields
  6281 | D:8      | Reached skill level 5 in Unarmed Combat
  6281 | D:8      | Reached skill level 5 in Spellcasting
  6281 | D:8      | Reached XP level 10. HP: 54/76 MP: 17/17
  6283 | D:8      | Killed Pikel
  6286 | D:8      | Reached *** piety under Cheibriados
  6428 | D:8      | Found a transporter.
  6449 | D:8      | Noticed Grum
  6458 | D:8      | Killed Grum
  6506 | D:8      | Noticed a two-headed ogre
  6510 | D:8      | Killed a two-headed ogre
  6736 | D:9      | Found a hide-covered altar of Uskayaw.
  7113 | D:9      | Noticed a two-headed ogre
  7119 | D:9      | Killed a two-headed ogre
  7322 | D:10     | Entered Level 10 of the Dungeon
  7382 | D:10     | Reached **** piety under Cheibriados
  7414 | D:10     | Noticed a two-headed ogre
  7508 | D:10     | Reached skill level 9 in Evocations
  7517 | D:10     | Reached skill level 5 in Conjurations
  7517 | D:10     | Reached skill level 5 in Hexes
  7517 | D:10     | Reached skill level 5 in Summonings
  7517 | D:10     | Reached skill level 5 in Necromancy
  7517 | D:10     | Reached skill level 5 in Translocations
  7517 | D:10     | Reached skill level 5 in Transmutations
  7517 | D:10     | Reached skill level 5 in Fire Magic
  7517 | D:10     | Reached skill level 5 in Ice Magic
  7517 | D:10     | Reached skill level 5 in Air Magic
  7517 | D:10     | Reached skill level 5 in Earth Magic
  7517 | D:10     | Reached skill level 5 in Poison Magic
  7553 | D:10     | Reached XP level 11. HP: 83/83 MP: 20/20
  7573 | D:10     | Killed a two-headed ogre
  7681 | D:10     | Gained mutation: You have sharp toenails. [a neqoxec]
  7768 | D:10     | Found a staircase to the Lair.
  7775 | D:10     | Noticed a death yak
  7775 | D:10     | Noticed a death yak
  7775 | D:10     | Noticed a death yak
  7783 | D:10     | Killed a death yak
  7787 | D:10     | Killed a death yak
  7791 | D:10     | Reached ***** piety under Cheibriados
  7792 | D:10     | Killed a death yak
  8013 | D:10     | Noticed a two-headed ogre
  8020 | D:10     | Killed a two-headed ogre
  8037 | D:10     | Noticed a soul eater
  8047 | D:10     | Killed a soul eater
  8114 | D:10     | Noticed a two-headed ogre
  8119 | D:10     | Killed a two-headed ogre
  8120 | D:10     | Reached XP level 12. HP: 92/92 MP: 22/22
  8870 | D:10     | Learned a level 3 spell: Stone Arrow
  8927 | D:10     | Found a hazy altar of Hepliaklqana.
  8928 | D:10     | Found a radiant altar of Vehumet.
  8932 | D:10     | Found a sparkling altar of Nemelex Xobeh.
  9019 | D:11     | Reached skill level 10 in Evocations
  9338 | D:11     | Noticed Erica
  9343 | D:11     | Learned a level 2 spell: Passwall
  9359 | D:11     | Killed Erica
 10108 | D:12     | Noticed a boulder beetle
 10122 | D:12     | Killed a boulder beetle
 10144 | D:12     | Found Zunuir's Weapon Shoppe.
 10145 | D:12     | Found a staircase to the Orcish Mines.
 10158 | D:12     | Found Qeycheak's Armour Shoppe.
 10188 | D:12     | Bought a +2 helmet of intelligence for 322 gold pieces
 10571 | D:13     | Found Moucof's Distillery.
 10579 | D:13     | Bought a potion of heal wounds for 55 gold pieces
 10579 | D:13     | Bought a potion of resistance for 110 gold pieces
 10709 | D:13     | Reached ****** piety under Cheibriados
 10743 | D:13     | Reached XP level 13. HP: 86/99 MP: 25/25
 11123 | D:13     | You fall into a shaft and drop 2 floors!
 11123 | D:15     | Entered Level 15 of the Dungeon
 11179 | D:15     | Noticed an emperor scorpion
 11180 | D:15     | Found a staircase to the Depths.
 11200 | D:15     | Killed an emperor scorpion
 11223 | D:15     | Found a gate leading to a gauntlet.
 11230 | Gauntlet | Entered a Gauntlet
 11230 | Gauntlet | Found a transporter.
 11230 | Gauntlet | Found a transporter.
 11314 | Gauntlet | Found a transporter.
 11314 | Gauntlet | Found a transporter.
 11327 | Gauntlet | Found a runed translucent door.
 11328 | Gauntlet | Found a transporter.
 11329 | Gauntlet | Found a runed translucent door.
 11331 | Gauntlet | Found a transporter.
 11337 | Gauntlet | Found a transporter.
 11352 | Gauntlet | Found a transporter.
 11355 | Gauntlet | Found a transporter.
 11355 | Gauntlet | Found a transporter.
 11386 | Gauntlet | Found a transporter.
 11386 | Gauntlet | Found a transporter.
 11408 | Gauntlet | Identified the +0 pair of boots of Monotheism {Str+4}
 11459 | Gauntlet | Identified the +7 trident "Cuifaesy" {flame, rF+ Str+3
                  | Stlth-}
 11479 | Gauntlet | Identified the +1 plate armour of Daisies {Will+}
 11479 | Gauntlet | Noticed a minotaur
 11491 | Gauntlet | Killed a minotaur
 11620 | D:14     | Reached skill level 10 in Armour
 11620 | D:14     | Reached skill level 11 in Evocations
 11714 | D:14     | Found a gate to the Vaults.
 11725 | D:14     | HP: 2/101 [+5 long sword (9)]
 11826 | D:14     | Found a runed translucent gate.
 11826 | D:14     | Found a runed translucent gate.
 11826 | D:14     | Found a runed translucent gate.
 11826 | D:14     | Noticed Fiank's ghost (journeyman DsBe)
 12604 | D:13     | Bought a potion of curing for 33 gold pieces
 12604 | D:13     | Bought a potion of curing for 33 gold pieces
 12644 | Orc:1    | Entered Level 1 of the Orcish Mines
 12657 | Orc:1    | Found Foopal's Armour Shoppe.
 12828 | Orc:1    | Noticed Nergalle
 12836 | Orc:1    | Killed Nergalle
 12899 | Orc:1    | Found Qeystre's Magic Scroll Boutique.
 12908 | Orc:1    | Bought a scroll of summoning for 123 gold pieces
 12908 | Orc:1    | Bought a scroll of teleportation for 39 gold pieces
 12908 | Orc:1    | Bought a scroll of teleportation for 39 gold pieces
 12908 | Orc:1    | Bought a scroll of poison for 52 gold pieces
 12958 | Orc:1    | Found a runed translucent gate.
 12958 | Orc:1    | Found a runed translucent gate.
 12958 | Orc:1    | Found a runed translucent gate.
 12959 | Orc:1    | Found an iron altar of Okawaru.
 12959 | Orc:1    | Noticed Opavipac's ghost (journeyman OgBe)
 13023 | Orc:1    | Found Zoptergh's Weapon Boutique.
 13135 | Orc:2    | Entered Level 2 of the Orcish Mines
 13135 | Orc:2    | Found a staircase to the Elven Halls.
 13443 | Orc:2    | Reached XP level 14. HP: 106/108 MP: 27/27
 13453 | Orc:2    | Reached skill level 10 in Invocations
 13514 | Orc:2    | Found Yttus's Antique Armour Shoppe.
 13691 | Orc:2    | Learned a level 5 spell: Irradiate
 13753 | Orc:2    | Reached skill level 10 in Fighting
 13753 | Orc:2    | Reached skill level 10 in Dodging
 13814 | Orc:2    | Found Pem Tup's Distillery.
 13815 | Orc:2    | Found Kojis's Book Boutique.
 13833 | Orc:2    | Found Qalen's Magic Scroll Shoppe.
 13841 | Orc:2    | Bought a potion of heal wounds for 80 gold pieces
 13848 | Orc:2    | Found Nocuiph's General Store.
 13852 | Orc:2    | Bought a scroll of fear for 56 gold pieces
 13852 | Orc:2    | Bought a scroll of blinking for 105 gold pieces
 13852 | Orc:2    | Bought a scroll of fog for 56 gold pieces
 14031 | Lair:1   | Entered Level 1 of the Lair of Beasts
 14046 | Lair:1   | Noticed Joseph
 14053 | Lair:1   | Killed Joseph
 14054 | Lair:1   | Reached skill level 10 in Stealth
 14175 | Lair:1   | Noticed Tinylith's ghost (journeyman DsBe)
 14185 | Lair:1   | Found a runed translucent gate.
 14185 | Lair:1   | Found a runed translucent gate.
 14185 | Lair:1   | Found a runed translucent gate.
 14837 | Lair:1   | Killed Tinylith's ghost
 15136 | Lair:2   | Found a staircase to the Snake Pit.
 15467 | Lair:2   | You fall into a shaft and drop 1 floor!
 15478 | Lair:3   | Identified the +1 robe of Gallantry {rCorr Dex+4}
 15514 | Lair:3   | Noticed Fannar
 15538 | Lair:3   | Killed Fannar
 15539 | Lair:3   | Reached skill level 10 in Short Blades
 15539 | Lair:3   | Reached skill level 10 in Long Blades
 15539 | Lair:3   | Reached skill level 10 in Axes
 15539 | Lair:3   | Reached skill level 10 in Maces & Flails
 15539 | Lair:3   | Reached skill level 10 in Polearms
 15539 | Lair:3   | Reached skill level 10 in Staves
 15539 | Lair:3   | Reached skill level 10 in Ranged Weapons
 15539 | Lair:3   | Reached skill level 10 in Throwing
 15539 | Lair:3   | Reached skill level 10 in Shields
 15539 | Lair:3   | Reached skill level 10 in Unarmed Combat
 15539 | Lair:3   | Reached skill level 10 in Spellcasting
 15551 | Lair:3   | Noticed Gastronok
 15566 | Lair:3   | Killed Gastronok
 15787 | Lair:3   | Found a staircase to the Swamp.
 15796 | Lair:3   | Reached XP level 15. HP: 82/117 MP: 29/29
 16124 | Lair:3   | Reached skill level 12 in Evocations
 16259 | Lair:3   | Learned a level 7 spell: Monstrous Menagerie
 17659 | Lair:4   | Noticed Rupert
 17670 | Lair:4   | Killed Rupert
 17724 | Lair:4   | Noticed Kirke
 17911 | Lair:4   | Killed Kirke
 18132 | Lair:4   | Found a viscous altar of Jiyva.
 18133 | Lair:4   | Found a staircase to the Slime Pits.
 18997 | Lair:5   | Entered Level 5 of the Lair of Beasts
 20176 | Lair:5   | Reached XP level 16. HP: 114/125 MP: 30/30
 20980 | D:10     | Upgraded the game from 0.30-a0-457-g4b7bca3bfa to
                  | 0.30-a0-458-g86641cc369
 20994 | D:10     | Learned a level 6 spell: Death Channel
 21108 | D:14     | Found a shadowy altar of Dithmenos.
 21730 | D:14     | Killed Fiank's ghost
 21747 | D:14     | Identified the +6 scimitar of Hiudapn {protect, Str+7
                  | Int-5}
 21889 | D:15     | a death yak changed into an azure jelly
 21889 | D:15     | Noticed an azure jelly (shapeshifter)
 21896 | D:15     | Killed an azure jelly
 22031 | D:15     | Found a broken altar of Ashenzari.
 22516 | D:15     | Reached skill level 13 in Evocations
 22961 | Depths:1 | Entered Level 1 of the Depths
 22961 | Depths:1 | Found a sparkling altar of Nemelex Xobeh.
 23015 | Depths:1 | Found a one-way gateway to a ziggurat.
 23016 | Depths:1 | Paralysed by a floating eye for 2 turns
 23018 | Depths:1 | Paralysed by a floating eye for 2 turns
 23291 | Depths:2 | HP: 2/127 [fire dragon/blast of flame (30)]
 23362 | Depths:2 | HP: 4/127 [stone giant (21)]
 23362 | Depths:2 | Noticed a titan
 23366 | Depths:2 | Noticed a walking frostbound tome
 23469 | Depths:2 | Noticed a green draconian monk
 23477 | Depths:2 | Slain by a green draconian monk

Illustrated notes

Levels and vault maps discovered:
D:1:      mushboom_english_gardens, layout_rooms,
          hangedman_decor_clover_reticule
D:2:      layout_loops_cross, minmay_box_of_dots
D:3:      layout_loops_ring, serial_shops, nicolae_shop_crystal, uniq_pargi
D:4:      cheibrodos_fertilizer, layout_loops_ring, mainiacjoe_overflow_swirl,
          temple_hall, uniq_duvessa
D:5:      layout_basic, mainiacjoe_overflow_alcove_2, uniq_ijyb, uniq_menkaure,
          uniq_prince_ribbit1
D:6:      layout_loops_cross, corexii_leaking_fountain, minmay_splitting_lines,
          sigmund_army
D:7:      layout_rooms
D:8:      layout_loops_ring, tgw_sif, nicolae_transporter_intersection,
          uniq_pikel, uniq_grum
D:9:      layout_roguey, mainiacjoe_overflow_cross_hatched
D:10:     layout_irregular_city, minitemple, dpeg_lair_monsters, serial_demonic,
          serial_demonic_d, serial_demonic_e, serial_demonic_d,
          serial_demonic_a, serial_demonic_f, serial_demonic_f,
          serial_demonic_g, serial_demonic_b, serial_demonic_g,
          serial_demonic_d, lightli_wizard_tower
D:11:     layout_gridville, minmay_lizard_king, uniq_erica
D:12:     layout_cross, orc_david_3
D:13:     layout_basic, serial_shops, nicolae_shop_advertising_works
          [nicolae_subvault_shop_adworks], hangedman_stone_soup,
          minmay_increasing_density
D:14:     layout_loops_corners, erik_vaults_1, grunt_dithmenos_shadows,
          gammafunk_ghost_hydra_chop
D:15:     hangedman_depths_entry_try_elsewhere_first, layout_loops_corners,
          gauntlet_entry_generic, chequers_arboretum, serial_aquarium,
          aquarium_bridge_square [aquarium_subvault_wall,
          aquarium_subvault_window, aquarium_subvault_bridge,
          aquarium_subvault_bridge], aquarium_window_corridor_3,
          aquarium_window_1, aquarium_window_fake, aquarium_view_2b,
          aquarium_view_2e, aquarium_balcony_3a, aquarium_pool_side,
          ashenzari_conservatory_becter
Temple:   nicolae_temple_two_arcs
Lair:1:   layout_cave_pods, gammafunk_ghost_split,
          chequers_serial_rivers_room_a, chequers_serial_rivers_micro_a,
          uniq_joseph
Lair:2:   layout_cave_pods, minmay_snake_entry_six_corridors
Lair:3:   layout_cave_pods, minmay_swamp_entry_reptiles,
          infiniplex_staircase_pool, uniq_gastronok, uniq_fannar
Lair:4:   layout_cave_pods, nicolae_slime_entry_slimehenge,
          serial_bayou_shore_a, serial_bayou_shore_b, grunt_megastairs_3,
          uniq_rupert, uniq_kirke
Lair:5:   hangedman_lair_caniforms_friends, layout_regular_city,
          hangedman_lair_in_review, gammafunk_lair_bear_cave
Orc:1:    layout_diamond_mine, gammafunk_ghost_fury_of_okawaru, serial_shops,
          shop, shop, shop, mines2_david, uniq_nergalle
Orc:2:    st_orc_open, layout_caves, serial_shops, shop, mines5_lemuel
Depths:1: layout_small_grid, enter_ziggurat_c, grunt_hell_entry_demonic_statue,
          chequers_serial_rivers_room_a, minmay_misc_feat_alley,
          grunt_ministairs_10, minmay_misc_feat_nine_boxes,
          chequers_serial_rivers_micro_b, nemelex_xobeh_ov_fountains_minmay,
          uniq_enchantress
Depths:2: gold_lair_mu, layout_gridlike, roderic_nine_men_s_morris,
          rand_demon_pan_entry_5, nicolae_abyss_entry_one_way_or_another,
          hell_entry, infiniplex_staircase_pool_2

Skill      XL: |  1  2  3  4  5  6  7  8  9 10 11 12 13 14 15 16 |
---------------+-------------------------------------------------+-----
Invocations    | 1 2 3 4 5 6 7 8 9 10 11 12 | 12.6
Short Blades   | 1 2 3 5 6 7 8 9 10 11 | 11.6
Long Blades    | 1 2 3 5 6 7 8 9 10 11 | 11.6
Axes           | 1 2 3 5 6 7 8 9 10 11 | 11.6
Maces & Flails | 1 2 3 5 6 7 8 9 10 11 | 11.6
Polearms       | 1 2 3 5 6 7 8 9 10 11 | 11.6
Staves         | 1 2 3 5 6 7 8 9 10 11 | 11.6
Ranged Weapons | 1 2 3 5 6 7 8 9 10 11 | 11.6
Throwing       | 1 2 3 5 6 7 8 9 10 11 | 11.6
Shields        | 1 2 3 5 6 7 8 9 10 11 | 11.6
Unarmed Combat | 1 2 3 5 6 7 8 9 10 11 | 11.6
Spellcasting   | 1 2 3 5 6 7 8 9 10 11 | 11.6
Fighting       | 3 4 5 6 7 8 9 10 11 | 11.9
Dodging        | 3 4 5 6 7 8 9 10 11 | 11.9
Conjurations   | 1 2 3 4 5 6 7 8 9 |  9.8
Hexes          | 1 2 3 4 5 6 7 8 9 |  9.8
Summonings     | 1 2 3 4 5 6 7 8 9 |  9.8
Necromancy     | 1 2 3 4 5 6 7 8 9 |  9.8
Translocations | 1 2 3 4 5 6 7 8 9 |  9.8
Transmutations | 1 2 3 4 5 6 7 8 9 |  9.8
Fire Magic     | 1 2 3 4 5 6 7 8 9 |  9.8
Ice Magic      | 1 2 3 4 5 6 7 8 9 |  9.8
Air Magic      | 1 2 3 4 5 6 7 8 9 |  9.8
Earth Magic    | 1 2 3 4 5 6 7 8 9 |  9.8
Poison Magic   | 1 2 3 4 5 6 7 8 9 |  9.8
Armour         | 5 6 7 8 9 10 11 12 | 12.4
Stealth        | 3 4 5 6 7 8 9 10 11 | 11.8
Evocations     | 7 8 9 10 11 12 13 | 13.2

Action                   |  1- 3 |  4- 6 |  7- 9 | 10-12 | 13-15 | 16-18 || total
-------------------------+-------+-------+-------+-------+-------+-------++-------
Melee: Whip              |    19 |       |       |       |       |       ||    19
       Club              |    13 |       |       |       |       |       ||    13
       Bite              |     2 |     9 |    15 |    28 |    94 |    28 ||   176
       Trident           |    49 |   130 |    39 |       |       |       ||   218
       Punch             |       |     2 |       |       |       |       ||     2
       Executioner's axe |       |       |   109 |   301 |   623 |   174 ||  1207
       Kick              |       |       |       |    54 |    25 |       ||    79
       Unarmed           |       |       |       |       |     2 |       ||     2
Throw: Dart              |       |       |     3 |     2 |     6 |       ||    11
 Cast: Mephitic Cloud    |       |       |     6 |    11 |    14 |       ||    31
       Stone Arrow       |       |       |       |     5 |     1 |     1 ||     7
       Passwall          |       |       |       |     2 |       |     3 ||     5
       Irradiate         |       |       |       |       |     1 |       ||     1
       Monstrous Menager |       |       |       |       |     2 |     1 ||     3
       Death Channel     |       |       |       |       |       |     7 ||     7
Invok: Slouch            |       |       |       |       |     6 |     1 ||     7
       Bend Time         |       |       |       |       |     1 |       ||     1
       Step From Time    |       |       |       |       |       |     3 ||     3
Evoke: Wand              |     2 |     3 |     5 |     8 |    15 |    15 ||    48
  Use: Scroll            |     2 |     4 |    12 |     7 |    12 |    13 ||    50
       Potion            |     2 |       |       |     1 |     9 |     7 ||    19
 Stab: Sleeping          |     4 |     2 |     5 |     4 |    22 |     6 ||    43
       Confused          |       |       |     1 |     8 |    15 |       ||    24
       Distracted        |       |       |       |     2 |     2 |     3 ||     7
       Invisible         |       |       |       |       |     1 |       ||     1
       Petrified         |       |       |       |       |       |     4 ||     4
Armor: Leather armour    |    16 |       |       |       |       |       ||    16
       Scale mail        |    19 |    16 |       |       |       |       ||    35
       Troll leather arm |       |    14 |    36 |    92 |   225 |    83 ||   450
       Skin              |       |       |       |    14 |       |       ||    14
Dodge: Dodged            |    52 |    62 |   109 |   377 |  1045 |   304 ||  1949
Block: Other             |       |       |    17 |   113 |   235 |    60 ||   425
       Reflection        |       |       |       |     6 |     8 |     3 ||    17

Table legend: (Time is in decaauts)
 A = Elapsed time spent in this place.
 B = Non-inter-level travel time spent in this place.
 C = Inter-level travel time spent in this place.
 D = Time resting spent in this place.
 E = Time spent auto-exploring this place.
 F = Levels seen in this place.
 G = Mean time per level.
                   A        B        C        D        E       F      G
               +--------+--------+--------+--------+--------+-----+--------+
         Total |  35760 |  33810 |   1950 |   3990 |  23042 |  26 | 1375.4 |
       Dungeon |  20709 |  19696 |   1013 |   1967 |  13731 |  15 | 1380.6 |
        Temple |     18 |     18 |      0 |      0 |      0 |   1 |   18.0 |
          Lair |  11630 |  10847 |    783 |   1487 |   7706 |   5 | 2326.0 |
  Orcish Mines |   2298 |   2145 |    153 |    148 |   1508 |   2 | 1149.0 |
        Depths |    629 |    629 |      0 |    268 |     95 |   2 |  314.5 |
      Gauntlet |    474 |    474 |      0 |    119 |      0 |   1 |  474.0 |
               +--------+--------+--------+--------+--------+-----+--------+

Top non-repeatable levels by time:
  Lair:5: 3001 daAuts
    D:10: 2446 daAuts
  Lair:3: 2299 daAuts
  Lair:4: 2290 daAuts
    D:15: 2277 daAuts
    D:14: 2201 daAuts
  Lair:2: 2108 daAuts
  Lair:1: 1930 daAuts
    D:13: 1920 daAuts
    D:11: 1570 daAuts
    D:12: 1385 daAuts
     D:4: 1316 daAuts
     D:8: 1314 daAuts
   Orc:2: 1200 daAuts
     D:5: 1179 daAuts
